 Dungeon Crawl Stone Soup version 0.23-a0-494-g91793a9 (webtiles) character file.

93 Leeroy the Charmwright (level 4, -1/38 HPs)
             Began as a Gnoll Skald on Dec 3, 2018.
             Was a Follower of Wu Jian.
             Slain by a kobold
             ... wielding a +0 whip
              (5 damage)
             ... on level 3 of the Dungeon.
             The game lasted 00:09:42 (2502 turns).

Leeroy the Charmwright (Gnoll Skald)                Turns: 2502, Time: 00:09:43

Health: -1/38      AC:  6    Str: 14    XL:     4   Next: 61%
Magic:  4/11       EV: 13    Int: 16    God:    Wu Jian [*.....]
Gold:   51         SH:  0    Dex: 14    Spells: 2/13 levels left

rFire    . . .     SeeInvis .   a - +0 falchion
rCold    . . .     Gourm    .   (no shield)
rNeg     . . .     Faith    .   q - +0 ring mail
rPois    .         Spirit   .   (no helmet)
rElec    .         Reflect  .   w - +0 cloak
rCorr    .         Harm     .   (no gloves)
MR       .....                  (no boots)
Stlth    +.........             (no amulet)
HPRegen  0.12/turn              (no ring)
MPRegen  0.12/turn              (no ring)

@: lethally poisoned (-1 -> -5), flying, slowed, very slow
A: distributed training, fangs 1, strong nose
a: Renounce Religion


You were on level 3 of the Dungeon.
You worshipped Wu Jian.
Wu Jian was aware of your devotion.
You were not hungry.

You visited 1 branch of the dungeon, and saw 3 of its levels.

You collected 51 gold pieces.

Inventory:

Hand Weapons
 a - a +0 falchion (weapon)
 c - a cursed +0 hand axe
 f - a +0 dagger
 i - a +0 dagger
 k - a +0 short sword
 r - a +0 dagger
 v - a +0 war axe
 x - a +0 dagger
 y - a +0 quarterstaff
Missiles
 g - 70 arrows
 j - a throwing net
 m - 83 stones (quivered)
 B - 5 curare-tipped needles
Armour
 b - a +0 leather armour
 h - a +0 robe of resistance
 l - a +0 ring mail
 q - a +0 ring mail (worn)
 w - a +0 cloak (worn)
Jewellery
 u - a +4 ring of intelligence {unknown}
Scrolls
 e - 7 scrolls of identify
 n - 2 scrolls of teleportation {unknown}
 o - a scroll of fog {unknown}
 p - 3 scrolls of remove curse {unknown}
 s - 2 scrolls of immolation {unknown}
 t - a scroll of enchant weapon {unknown}
Comestibles
 d - 2 rations
 A - a chunk of flesh


   Skills:
 + Level 4.6 Fighting
 + Level 1.2 Short Blades
 + Level 4.6 Long Blades
 + Level 1.2 Axes
 + Level 1.2 Maces & Flails
 + Level 1.2 Polearms
 + Level 1.2 Staves
 + Level 1.2 Slings
 + Level 1.2 Bows
 + Level 1.2 Crossbows
 + Level 1.2 Throwing
 + Level 2.8 Armour
 + Level 4.6 Dodging
 + Level 1.2 Stealth
 + Level 1.2 Shields
 + Level 1.2 Unarmed Combat
 + Level 5.1 Spellcasting
 + Level 1.0 Conjurations
 + Level 1.0 Hexes
 + Level 5.5 Charms
 + Level 1.0 Summonings
 + Level 1.0 Necromancy
 + Level 1.0 Translocations
 + Level 1.0 Transmutations
 + Level 1.0 Fire Magic
 + Level 1.0 Ice Magic
 + Level 1.0 Air Magic
 + Level 1.0 Earth Magic
 + Level 1.0 Poison Magic
 + Level 1.3 Invocations
 + Level 1.2 Evocations


You had 2 spell levels left.
You knew the following spells:

 Your Spells              Type           Power        Failure   Level  Hunger
a - Infusion              Chrm           ###.         3%          1    None
b - Song of Slaying       Chrm           ###.....     4%          2    #......
c - Shroud of Golubria    Chrm/Tloc      ##........   12%         2    #......
d - Regeneration          Chrm/Necr      ##........   24%         3    ###....
e - Spectral Weapon       Hex/Chrm       ##......     24%         3    ###....

Your spell library contained the following spells:

 Spells                   Type           Power        Failure   Level  Hunger


Dungeon Overview and Level Annotations

Branches:
Dungeon (3/15)

Altars:
Qazlal
Wu Jian

Annotations:
D:2 Crazy Yiuf


Innate Abilities, Weirdness & Mutations

Your experience applies equally to all skills.
You have very sharp teeth.
Your uncanny sense of smell can sniff out nearby items.


Message History

Your skin crawls.
You feel sick.
You closely miss the kobold. You bite the kobold.
The kobold is moderately wounded.
You feel sick.
The kobold unwields a +0 blowgun.
The kobold wields a +0 whip.
The kobold misses you. The kobold barely misses you.
You feel sick.
Your skin is crawling a little less now.
You feel sick. The kobold barely misses you.
You riposte.
You closely miss the kobold.
The kobold is moderately wounded.
You feel sick.
You feel sick.
Your skin stops crawling.
You feel sick. The kobold hits you with a +0 whip.
* * * LOW HITPOINT WARNING * * *
* * * LOW HITPOINT WARNING * * *
You feel sick.
* * * LOW HITPOINT WARNING * * *
You feel sick. The kobold hits you with a +0 whip.
You die...

...##.## # #..
... . #. #.# #.#
#
..#.###.###.##.#
........†<...#
....###)####
##..# #.#
#..###.#
##.KK@.# #.###.#
#.# #.# #.# #.#
#.# #.# #.# #.#
# #.# #.#
.##.###(# #.#
.......(###


You could see 2 kobolds.

Vanquished Creatures
  An adder (D:2)
  A worm (D:2)
  3 dart slugs
  A leopard gecko (D:1)
  5 giant cockroaches
  12 goblins
  6 hobgoblins
  10 jackals
  10 kobolds
  9 bats
  2 frilled lizards (D:1)
  5 rats
65 creatures vanquished.

Notes
Turn   | Place    | Note
-------+----------+-------------------------------------------
     0 | D:1      | Leeroy the Gnoll Skald began the quest for the Orb.
     0 | D:1      | Reached XP level 1. HP: 20/20 MP: 6/6
    55 | D:1      | Reached XP level 2. HP: 25/26 MP: 5/7
    64 | D:1      | Learned a level 2 spell: Song of Slaying
    67 | D:1      | Learned a level 2 spell: Shroud of Golubria
   216 | D:1      | Reached XP level 3. HP: 9/31 MP: 7/9
   300 | D:1      | Reached skill level 5 in Spellcasting
   582 | D:1      | Reached skill level 1 in Invocations
   996 | D:2      | Found an ornate altar of the Wu Jian Council.
   996 | D:2      | Reached skill level 1 in Short Blades
   996 | D:2      | Reached skill level 1 in Axes
   996 | D:2      | Reached skill level 1 in Maces & Flails
   996 | D:2      | Reached skill level 1 in Polearms
   996 | D:2      | Reached skill level 1 in Staves
   996 | D:2      | Reached skill level 1 in Slings
   996 | D:2      | Reached skill level 1 in Bows
   996 | D:2      | Reached skill level 1 in Crossbows
   996 | D:2      | Reached skill level 1 in Throwing
   996 | D:2      | Reached skill level 1 in Stealth
   996 | D:2      | Reached skill level 1 in Shields
   996 | D:2      | Reached skill level 1 in Unarmed Combat
   996 | D:2      | Reached skill level 1 in Evocations
  1004 | D:2      | Became a worshipper of the Wu Jian Council
  1104 | D:2      | Found a stormy altar of Qazlal.
  1108 | D:2      | Reached XP level 4. HP: 33/38 MP: 11/11
  1139 | D:2      | HP: 1/38 [poisoned by an adder]
  1513 | D:2      | Found a runed door.
  1517 | D:2      | Noticed Crazy Yiuf
  1656 | D:1      | Learned a level 3 spell: Regeneration
  1660 | D:1      | Learned a level 3 spell: Spectral Weapon
  2481 | D:3      | Reached * piety under Wu Jian
  2481 | D:3      | Reached skill level 1 in Conjurations
  2481 | D:3      | Reached skill level 1 in Hexes
  2481 | D:3      | Reached skill level 1 in Summonings
  2481 | D:3      | Reached skill level 1 in Necromancy
  2481 | D:3      | Reached skill level 1 in Translocations
  2481 | D:3      | Reached skill level 1 in Transmutations
  2481 | D:3      | Reached skill level 1 in Fire Magic
  2481 | D:3      | Reached skill level 1 in Ice Magic
  2481 | D:3      | Reached skill level 1 in Air Magic
  2481 | D:3      | Reached skill level 1 in Earth Magic
  2481 | D:3      | Reached skill level 1 in Poison Magic
  2502 | D:3      | Slain by a kobold

Vault maps used:
D:1:      lemuel_arrival_rhombus, st_stairs_4
D:2:      nicolae_overflow_crystal_walls, first_ration,
          nicolae_qazlal_general_emergency, uniq_crazy_yiuf_cottage
D:3:      lemuel_coloured_pillars_altar, uniq_jessica

Skill      XL: |  1  2  3  4 |
---------------+-------------+-----
Spellcasting   | 5 |  5.1
Invocations    | 1 |  1.3
Short Blades   | 1 |  1.2
Axes           | 1 |  1.2
Maces & Flails | 1 |  1.2
Polearms       | 1 |  1.2
Staves         | 1 |  1.2
Slings         | 1 |  1.2
Bows           | 1 |  1.2
Crossbows      | 1 |  1.2
Throwing       | 1 |  1.2
Stealth        | 1 |  1.2
Shields        | 1 |  1.2
Unarmed Combat | 1 |  1.2
Evocations     | 1 |  1.2
Conjurations   | 1 |  1.0
Hexes          | 1 |  1.0
Summonings     | 1 |  1.0
Necromancy     | 1 |  1.0
Translocations | 1 |  1.0
Transmutations | 1 |  1.0
Fire Magic     | 1 |  1.0
Ice Magic      | 1 |  1.0
Air Magic      | 1 |  1.0
Earth Magic    | 1 |  1.0
Poison Magic   | 1 |  1.0
Fighting       | |  4.6
Long Blades    | |  4.6
Armour         | |  2.8
Dodging        | |  4.6
Charms         | |  5.5

Action                   |  1- 3 |  4- 6 || total
-------------------------+-------+-------++-------
Melee: Falchion          |   135 |    46 ||   181
       Bite              |    18 |     5 ||    23
 Cast: Infusion          |     3 |     1 ||     4
       Shroud of Golubri |     2 |       ||     2
       Song of Slaying   |     1 |     1 ||     2
       Regeneration      |       |     1 ||     1
       Spectral Weapon   |       |     1 ||     1
Invok: Lunge             |     1 |     4 ||     5
  Use: Scroll            |     2 |       ||     2
       Potion            |       |     3 ||     3
 Stab: Sleeping          |     1 |     1 ||     2
  Eat: Chunk             |     1 |     2 ||     3
       Ration            |       |     1 ||     1
Armor: Leather armour    |    40 |       ||    40
       Ring mail         |    20 |    13 ||    33
Dodge: Dodged            |   154 |    52 ||   206
       Rpst.: Falchion   |    47 |    16 ||    63

Table legend:
 A = Non-vault XP
 B = Vault XP
 C = Vault XP percentage of total XP
 D = Non-vault monster count
 E = Vault monster count
 F = Vault count percentage of total count
                 A         B        C        D         E       F
            +---------+---------+-------+---------+---------+-------
      Total |     128 |       5 |   3.8 |      62 |       3 |   4.6
            +---------+---------+-------+---------+---------+-------
        D:1 |      64 |       5 |   7.2 |      36 |       3 |   7.7
        D:2 |      51 |       0 |   0.0 |      19 |       0 |   0.0
        D:3 |      13 |       0 |   0.0 |       7 |       0 |   0.0
            +---------+---------+-------+---------+---------+-------
